 Dungeon Crawl Stone Soup version 0.31-a0-202-g547052bce9 (webtiles) character file.

Game seed: 12623438864675826718

60 qw the Shooter (level 3, -6/20 HPs)
             Began as a Deep Elf Hunter on June 26, 2023.
             Mangled by Sigmund
             ... wielding a +0 scythe
              (7 damage)
             ... on level 2 of the Dungeon.
             The game lasted 00:00:22 (1043 turns).

qw the Shooter (Deep Elf Hunter)                    Turns: 1043, Time: 00:00:22

Health: -6/20      AC:  3    Str: 10    XL:     3   Next: 80%
Magic:  5/5        EV: 12    Int: 13    God:
Gold:   35         SH:  0    Dex: 18    Spells: 2/2 levels left

rFire   . . .        Y - +1 shortbow
rCold   + . .        (shield currently unavailable)
rNeg    . . .        c - +0 leather armour
rPois   .            (no helmet)
rElec   .            (no cloak)
rCorr   .            (no gloves)
SInv    .            (no boots)
Will    .....        a - amulet of the acrobat
Stlth   ++           j - ring of protection from cold
HPRegen 0.23/turn    (no ring)
MPRegen 0.09/turn

%: acrobat
@: no status effects
A: no striking features
a: no special abilities


You were on level 2 of the Dungeon.
You visited 1 branch of the dungeon, and saw 2 of its levels.

You collected 35 gold pieces.


   Skills:
 - Level 1.5 Fighting
 + Level 7.3 Ranged Weapons
 - Level 2.4 Dodging
 - Level 1.2 Stealth


You had 2 spell levels left.
You didn't know any spells.
Your spell library was empty.

Inventory:

Hand Weapons
 Y - a +1 shortbow (weapon)
Armour
 c - a +0 leather armour (worn)
 e - the +1 helmet "Ecyk" {Harm Dex+3}
   (You acquired it on level 1 of the Dungeon)

   Dex:       It affects your dexterity (+3).
   Harm:      It increases damage dealt and taken.
 f - a +0 scale mail
Jewellery
 a - an amulet of the acrobat (around neck)
 j - a ring of protection from cold (left hand)
Scrolls
 b - a scroll of teleportation {unknown}
 g - a scroll of fog {unknown}
 i - 2 scrolls of identify
Potions
 d - a potion of brilliance {unknown}
 h - a potion of might {unknown}

Dungeon Overview and Level Annotations

Branches:
Dungeon (2/15)

Altars:

Annotations:
D:2 Sigmund


Message History

Sigmund shouts!
Sigmund casts a spell at you. The puff of flame hits you!
Ouch! That really hurt!
Enter note:
Enter note:
1034 ||| UPGRADING to +0 scale mail.
Sigmund casts a spell at you.
You stop removing your armour.
The puff of flame misses you.
1035 ||| UPGRADING to +0 scale mail.
You start removing your armour.
You continue taking off your +0 leather armour.
Sigmund casts a spell.
Sigmund flickers and vanishes!
Deactivating autopickup; reactivate with Ctrl-A.
You continue taking off your +0 leather armour.
Something hits you but does no damage.
You stop removing your armour.
Autopickup is now on.
1038 ||| UPGRADING to +0 scale mail.
You start removing your armour.
You continue taking off your +0 leather armour.
You hear some strange, mumbled words.
Deactivating autopickup; reactivate with Ctrl-A.
You stop removing your armour.
Something tries to affect you, but you resist.
Autopickup is now on.
1040 ||| UPGRADING to +0 scale mail.
Something hits you!
You stop removing your armour.
Deactivating autopickup; reactivate with Ctrl-A.
Autopickup is now on.
1041 ||| UPGRADING to +0 scale mail.
Something hits you but does no damage.
Deactivating autopickup; reactivate with Ctrl-A.
You stop removing your armour.
Autopickup is now on.
1042 ||| UPGRADING to +0 scale mail.
You start removing your armour.
You continue taking off your +0 leather armour.
Something hits you!
You stop removing your armour.
You die...

#.#####.........
#...........%...
+................
########.........
##########.######
.................
#.########.....##.%#####
#....{..##.....###.#
#@######## #.# #.#
######.##### #.#
#........... #.#
#......#.### #.#
#......#.##. #.#
#......#.##. #.#
#....#.#.##. #.#
#....#.#..#. #.#
###....#.##...


There were no monsters in sight!

Vanquished Creatures
  Jessica (D:2)
  An adder (D:2)
  2 endoplasms (D:1)
  6 goblins
  2 hobgoblins (D:1)
  5 ball pythons
  A bat (D:2)
  2 frilled lizards (D:1)
  3 kobolds (D:1)
  4 rats (D:1)
27 creatures vanquished.

Notes
Turn   | Place    | Note
-------+----------+-------------------------------------------
     0 | D:1      | qw the Deep Elf Hunter began the quest for the Orb.
     0 | D:1      | Reached XP level 1. HP: 12/12 MP: 3/3
     0 | D:1      | 0 ||| qw: Version: 0.3-a-22-g0ed2b0b
     0 | D:1      | 0 ||| qw: Game counter: 5862
     0 | D:1      | 0 ||| qw: Melee chars always use a shield: true
     0 | D:1      | 0 ||| qw: God list: Okawaru
     0 | D:1      | 0 ||| qw: Allow faded altars: false
     0 | D:1      | 0 ||| qw: Do Orc after clearing Dungeon:15 true
     0 | D:1      | 0 ||| qw: Do second Lair branch before Depths: true
     0 | D:1      | 0 ||| qw: Lair rune preference: random
     0 | D:1      | 0 ||| qw: Goals: Normal
     0 | D:1      | 0 ||| PLANNING D:1-11
   206 | D:1      | Reached XP level 2. HP: 16/16 MP: 4/4
   210 | D:1      | Reached skill level 6 in Ranged Weapons
   325 | D:1      | 325 ||| FLEEEEING.
   326 | D:1      | 326 ||| FLEEEEING.
   327 | D:1      | 327 ||| FLEEEEING.
   328 | D:1      | 328 ||| FLEEEEING.
   330 | D:1      | 330 ||| FLEEEEING.
   331 | D:1      | 331 ||| FLEEEEING.
   332 | D:1      | 332 ||| FLEEEEING.
   333 | D:1      | 333 ||| FLEEEEING.
   334 | D:1      | 334 ||| FLEEEEING.
   786 | D:1      | 786 ||| READING 3 scrolls labelled CAJ BAPUIMAQ.
   786 | D:1      | Identified 3 scrolls of acquirement
   786 | D:1      | 786 ||| ACQUIRING +1 helmet "Ecyk" {Harm Dex+3}
   786 | D:1      | Acquired the +1 helmet "Ecyk" {Harm Dex+3}
   788 | D:1      | 788 ||| READING 2 scrolls of acquirement.
   788 | D:1      | 788 ||| ACQUIRING ring of protection from cold
   788 | D:1      | Acquired a ring of protection from cold
   790 | D:1      | 790 ||| UPGRADING to ring of protection from cold.
   791 | D:1      | 791 ||| READING scroll of acquirement.
   791 | D:1      | 791 ||| ACQUIRING amulet of the acrobat
   791 | D:1      | Acquired an amulet of the acrobat
   793 | D:1      | 793 ||| UPGRADING to amulet of the acrobat.
   798 | D:1      | 798 ||| READING scroll labelled XIGUCR RIELLAA.
   799 | D:1      | 799 ||| READING scroll labelled ROIXIR JUAKH.
   800 | D:1      | 800 ||| DRINKING 2 amethyst potions.
   803 | D:1      | 803 ||| DROPPING scroll of butterflies.
   804 | D:1      | 804 ||| DROPPING potion of ambrosia.
   880 | D:2      | Reached XP level 3. HP: 13/20 MP: 5/5
   927 | D:2      | Noticed Jessica
   929 | D:2      | Killed Jessica
   930 | D:2      | Reached skill level 7 in Ranged Weapons
  1033 | D:2      | Noticed Sigmund
  1034 | D:2      | 1034 ||| UPGRADING to +0 scale mail.
  1035 | D:2      | 1035 ||| UPGRADING to +0 scale mail.
  1038 | D:2      | 1038 ||| UPGRADING to +0 scale mail.
  1040 | D:2      | 1040 ||| UPGRADING to +0 scale mail.
  1040 | D:2      | HP: 1/20 [something (9)]
  1041 | D:2      | 1041 ||| UPGRADING to +0 scale mail.
  1042 | D:2      | 1042 ||| UPGRADING to +0 scale mail.
  1043 | D:2      | Mangled by Sigmund

Levels and vault maps discovered:
D:1:      saegor_arrival_fortress, layout_loops_ring, st_stairs_10
D:2:      layout_basic, uniq_jessica, uniq_sigmund

Skill      XL: |  1  2  3 |
---------------+----------+-----
Ranged Weapons | 6 7 |  7.3
Fighting       | |  1.5
Dodging        | |  2.4
Stealth        | |  1.2

Action                     || total
---------------------------++-------
   Fire: Shortbow          ||    57
    Use: Scroll            ||     5
         Potion            ||     1
 Armour: Leather armour    ||     6
  Dodge: Dodged            ||    14

Table legend:
 A = Non-vault XP
 B = Vault XP
 C = Vault XP percentage of total XP
 D = Non-vault monster count
 E = Vault monster count
 F = Vault count percentage of total count
                 A         B        C        D         E       F
            +---------+---------+-------+---------+---------+-------
      Total |      43 |      43 |  50.0 |      22 |       5 |  18.5
            +---------+---------+-------+---------+---------+-------
        D:1 |      26 |       6 |  18.8 |      18 |       4 |  18.2
        D:2 |      17 |      37 |  68.5 |       4 |       1 |  20.0
            +---------+---------+-------+---------+---------+-------
